 Dungeon Crawl Stone Soup version 0.29-a0-819-g94b489e0ae (webtiles) character file.

Game seed: 10054783310301216842

169 edwat the Chiller (level 5, -9/39 HPs)
             Began as a Draconian Ice Elementalist on July 7, 2022.
             Was an Initiate of Nemelex Xobeh.
             Killed from afar by a ynoxinul (24 damage)
             ... with an iron shot
             ... created by the fury of Makhleb
             ... on level 4 of the Dungeon.
             The game lasted 00:34:09 (2283 turns).

edwat the Chiller (Draconian Ice Elementalist)      Turns: 2283, Time: 00:34:16

Health: -9/39      AC:  5    Str:  7 (10) XL:     5   Next: 25%
Magic:  9/9        EV: 12    Int: 16 (18) God:    Nemelex Xobeh [......]
Gold:   96         SH:  0    Dex: 10 (11) Spells: 8/9 levels left

rFire   . . .      SeeInvis .   n - +1 falchion
rCold   . . .      Faith    .   (no shield)
rNeg    . . .      Spirit   .   (body armour unavailable)
rPois   .          Reflect  .   (helmet restricted)
rElec   .          Harm     .   (no cloak)
rCorr   .          Rampage  .   (no gloves)
Will    .....                   (no boots)
Stlth   ++........              (no amulet)
HPRegen 0.13/turn               (no ring)
MPRegen 0.11/turn               (no ring)

@: no status effects
A: AC +5, unfitting armour, cold-blooded
a: Renounce Religion, Draw Escape, Draw Destruction, Draw Summoning


You were on level 4 of the Dungeon.
You worshipped Nemelex Xobeh.
Nemelex Xobeh was noncommittal.
You visited 1 branch of the dungeon, and saw 4 of its levels.

You collected 96 gold pieces.

Inventory:

Hand Weapons
 f - a +0 club
 h - a +0 dagger
 j - a +0 club
 n - a +1 falchion (weapon)
Missiles
 d - 31 stones
 t - 2 poisoned darts
Armour
 k - a +0 chain mail
Wands
 s - a wand of charming (1)
Potions
 a - a potion of magic
 p - a potion of attraction
 q - a potion of curing


   Skills:
 + Level 0.7 Fighting
 + Level 1.8 Long Blades
 + Level 2.2 Dodging
 + Level 2.2 Stealth
 + Level 0.9 Unarmed Combat
 + Level 2.9 Spellcasting
 + Level 4.9 Ice Magic
 + Level 0.4 Evocations


You had 8 spell levels left.
You knew the following spells:

 Your Spells              Type           Power      Damage    Failure   Level
a - Freeze                Ice            72%        1d9       2%          1

Your spell library contained the following spells:

 Spells                   Type           Power      Damage    Failure   Level
 Frozen Ramparts          Ice            36%        1d5       8%          3
 Ozocubu's Armour         Ice            18%        N/A       8%          3
 Magic Dart               Conj           8%         1d3       19%         1
 Necrotise                Necr           8%         1d4       19%         1
 Call Imp                 Summ           2%         N/A       28%         2
 Mephitic Cloud           Conj/Pois/Air  2%         N/A       50%         3
 Vampiric Draining        Necr           2%         2d6       50%         3
 Hailstorm                Conj/Ice       10%        3d5       56%         4
 Agony                    Necr           2%         N/A       99%         5


Dungeon Overview and Level Annotations

Branches:
Dungeon (4/15)
 Temple: D:4-7

Altars:
Makhleb
Nemelex Xobeh
Zin

Shops:
D:4 !

Portals:
Abyss: D:4

Annotations:
D:2 Robin
D:4 2 transporters, Grinder


Innate Abilities, Weirdness & Mutations

Your plain brown scales are hard. (AC +5)
You cannot fit into any form of body armour.
You are cold-blooded and may be slowed by cold attacks.


Message History

The phantom hits you but does no damage.
The goblin attacks as you move away! The goblin hits you with a +0 dagger.
Grinder comes into view.
Grinder blinks!
Okay, then.
It was a potion of invisibility.
You fade into invisibility!
Grinder says, "There's only one good use for a tongue: cutting it out."
The goblin hits you but does no damage. The phantom closely misses you.
Found a sling.
The giant cockroach barely misses you.
An ogre comes into view. It is wielding a +0 giant spiked club.
Found a potion of curing.
It was a potion of heal wounds.
You feel much better. Grinder gestures at you.
The phantom is unaffected.
The phantom hits you.
Found a mace.
An adder and an endoplasm come into view.
A phantom comes into view.
Found 4 stones.
It was a potion of degeneration.
There was something very wrong with that liquid.
You feel weakened.
You feel dopey.
You feel clumsy.
You feel better.
You flicker for a moment.
Grinder gestures at the phantom.
You flicker back into view.
The endoplasm quivers.
The ogre shouts!
The ynoxinul gestures at you. The iron shot hits you!!
Ouch! That really hurt!
* * * LOW HITPOINT WARNING * * *
You see here a +0 mace.
You feel better.
The adder hisses angrily.
The ynoxinul gestures at you. The iron shot hits you!!
Ouch! That really hurt!
You die...
Your body disappears without a glow.

#....##....# .. .. ##
#....##...... ...# #. ##.
#....#########.....#∩. #..
#....O.............#©..##..
#...!..W......3... #©#©.#
###..g..J........##5...##.#
#.....5........#.##. ###
#.......S.....## # #
#......W@.....#x ..
#.............#. #.
#.............# ####
#............... ##..#
#.(............. .....
#............... .....
################ .B...
..... ...K


You could see Grinder, a ynoxinul, an ogre, a small abomination, 2 phantoms, an
adder, an endoplasm and a goblin.

Vanquished Creatures
  A black bear (D:4)
  A hound (D:4)
  4 dart slugs (D:1)
  5 orcs
  3 endoplasms
  2 goblins (D:1)
  3 hobgoblins
  2 jackals (D:2)
  2 kobolds
  3 quokkas
  5 ball pythons (D:1)
  2 bats
  A frilled lizard (D:1)
  3 rats
37 creatures vanquished.

Vanquished Creatures (collateral kills)
  A ball python (D:3)
1 creature vanquished.

Vanquished Creatures (others)
  2 orcs (D:3)
  A bat (D:3)
3 creatures vanquished.

Grand Total: 41 creatures vanquished

Notes
Turn   | Place    | Note
-------+----------+-------------------------------------------
     0 | D:1      | edwat the Draconian Ice Elementalist began the quest for
                  | the Orb.
     0 | D:1      | Reached XP level 1. HP: 14/14 MP: 3/3
   206 | D:1      | Reached XP level 2. HP: 13/20 MP: 1/5
   909 | D:1      | Found a faded altar of an unknown god.
   916 | D:1      | Prayed at the altar of an unknown god.
   916 | D:1      | Became a worshipper of Makhleb the Destroyer
   916 | D:1      | Reached * piety under Makhleb
  1057 | D:2      | Reached XP level 3. HP: 18/26 MP: 3/6
  1212 | D:2      | Noticed Robin
  1603 | D:3      | Found a glowing silver altar of Zin.
  1654 | D:3      | Found a sparkling altar of Nemelex Xobeh.
  1662 | D:3      | Fell from the grace of Makhleb
  1662 | D:3      | Became a worshipper of Nemelex Xobeh the Trickster
  1817 | D:4      | Noticed a kobold brigand
  1827 | D:4      | Found a transporter.
  1827 | D:4      | Found a one-way gate to the infinite horrors of the Abyss.
  1839 | D:4      | Found a transporter.
  1948 | D:4      | Found Onitogg's Distillery.
  1978 | D:4      | Noticed a ynoxinul
  2074 | D:4      | Reached XP level 4. HP: 32/34 MP: 5/8
  2168 | D:4      | Noticed a black bear
  2180 | D:4      | Killed a black bear
  2181 | D:4      | Reached skill level 1 in Long Blades
  2181 | D:4      | Reached XP level 5. HP: 39/39 MP: 5/9
  2251 | D:4      | Noticed a phantom
  2259 | D:4      | Noticed Grinder
  2265 | D:4      | Noticed an ogre
  2273 | D:4      | Noticed a phantom
  2283 | D:4      | Killed from afar by a ynoxinul

Illustrated notes

Levels and vault maps discovered:
D:1:      saegor_arrival_miasma, layout_basic, basic_ecumenical_altar,
          serial_curves, eino_curves_02, eino_curves_04
D:2:      layout_basic, hangedman_decor_growths, uniq_natasha, uniq_jessica,
          uniq_crazy_yiuf_cottage, uniq_robin
D:3:      layout_rooms, mainiacjoe_overflow_surrounded_room, old_standard_altar
D:4:      layout_basic, serial_shops, shop, gammafunk_ghost_abyssal_escape,
          uniq_grinder, uniq_duvessa

Skill      XL: |  1  2  3  4 |
---------------+-------------+-----
Stealth        | 2 |  2.2
Dodging        | 2 |  2.2
Long Blades    | 1 |  1.8
Fighting       | |  0.7
Unarmed Combat | |  0.9
Spellcasting   | |  2.9
Ice Magic      | |  4.9
Evocations     | |  0.4

Action                   |  1- 3 |  4- 6 || total
-------------------------+-------+-------++-------
Melee: Unarmed           |    25 |       ||    25
       Tailslap          |     5 |       ||     5
       Dagger            |     5 |       ||     5
       Club              |     1 |       ||     1
       Falchion          |    32 |     5 ||    37
       Punch             |     1 |       ||     1
Throw: Stone             |       |     1 ||     1
 Cast: Freeze            |    41 |     4 ||    45
Evoke: Wand              |     5 |     1 ||     6
  Use: Potion            |     2 |     6 ||     8
       Scroll            |     6 |     2 ||     8
Armor: Skin              |    27 |     5 ||    32
Dodge: Dodged            |    77 |     7 ||    84

Table legend: (Time is in decaauts)
 A = Elapsed time spent in this place.
 B = Non-inter-level travel time spent in this place.
 C = Inter-level travel time spent in this place.
 D = Time resting spent in this place.
 E = Time spent auto-exploring this place.
 F = Levels seen in this place.
 G = Mean time per level.
                   A        B        C        D        E       F      G
               +--------+--------+--------+--------+--------+-----+--------+
         Total |   2318 |   1452 |    866 |    214 |    701 |   4 |  579.5 |
       Dungeon |   2318 |   1452 |    866 |    214 |    701 |   4 |  579.5 |
               +--------+--------+--------+--------+--------+-----+--------+

Top non-repeatable levels by time:
     D:1: 1042 daAuts
     D:3: 597 daAuts
     D:4: 487 daAuts
     D:2: 191 daAuts
